 Dungeon Crawl Stone Soup version 0.30.1-11-g7821555f0a (webtiles) character file.

Game seed: 16632079591536591434

590 mindfreak the Poker (level 7, -4/52 HPs)
             Began as a Demonspawn Gladiator on Dec 17, 2023.
             Killed by divine providence
             ... invoked by an orc priest
              (16 damage)
             ... on level 5 of the Dungeon.
             The game lasted 00:07:15 (3882 turns).

mindfreak the Poker (Demonspawn Gladiator)          Turns: 3882, Time: 00:07:16

Health: -4/52      AC: 11    Str: 16      XL:     7   Next: 15%
Magic:  7/7        EV:  5    Int:  7 (9)  God:
Gold:   169        SH: 10    Dex: 14 (15) Spells: 6/6 levels left

rFire   . . .        a - +0 trident
rCold   . . .        (no shield)
rNeg    . . .        h - +0 plate armour
rPois   .            (helmet restricted)
rElec   .            (no cloak)
rCorr   .            (no gloves)
SInv    +            (no boots)
Will    .....        (no amulet) Stlth
                     k - ring of see invisible
HPRegen 0.28/turn    (no ring)
MPRegen 0.10/turn

%: no passive effects
@: no status effects
A: horns 1, large bone plates 2, condensation shield
a: no special abilities


You were on level 5 of the Dungeon.
You visited 1 branch of the dungeon, and saw 5 of its levels.

You collected 169 gold pieces.

Inventory:

Hand Weapons
 a - a +0 trident (weapon)
Missiles
 d - 3 throwing nets
 e - a javelin
 f - 18 poisoned darts (quivered)
 r - a boomerang
Armour
 b - a +0 leather armour
 c - a +0 helmet
 h - a +0 plate armour (worn)
Jewellery
 k - a ring of see invisible (left hand)
Wands
 s - a wand of flame (5)
Scrolls
 g - 4 scrolls of identify {unknown}
 i - a scroll of vulnerability {unknown}
 j - 2 scrolls of amnesia {unknown}
 l - 5 scrolls of teleportation {unknown}
 m - a scroll of fear {unknown}
 n - a scroll of magic mapping {unknown}
 o - 2 scrolls of fog {unknown}
 q - 3 scrolls of noise {unknown}
Potions
 p - a potion of attraction {unknown}
 t - 2 potions of curing


   Skills:
 + Level 3.3 Fighting
 + Level 5.5 Polearms
 + Level 2.0 Throwing
 + Level 2.6 Armour
 + Level 3.2 Dodging
 + Level 2.3 Shields


You had 6 spell levels left.
You didn't know any spells.
Your spell library contained the following spells:

 Spells                   Type           Power      Damage    Failure   Level
 Ensorcelled Hibernation  Hex/Ice        0%         N/A       100%        2
 Passwall                 Tmut/Erth      0%         N/A       100%        2
 Swiftness                Air            0%         N/A       100%        3


Dungeon Overview and Level Annotations

Branches:
Dungeon (5/15)
 Temple: D:4-7

Altars:
Hepliaklqana
Sif Muna
Xom

Shops:
D:4 (


Innate Abilities, Weirdness & Mutations

You have a pair of small horns on your head.
You are mostly covered in large bone plates. (SH +6)
A meltable shield of frost defends you. (SH +4)


Message History

You hit the hound but do no damage. Your headbutt misses the hound.
The hound is almost dead.
The hound bites you but does no damage. You block the hound's attack.
You hit the hound.
You kill the hound!
No target in view!
No target in view!
An orc and an orc priest come into view.
The orc shouts!
The orc priest shouts!
The orc priest casts a cantrip, but nothing happens.
An ogre comes into view. It is wielding a +0 giant club.
The ogre shouts!
An adder comes into view.
The adder moves out of view.
You hit the orc but do no damage.
The orc priest mumbles some strange prayers to Beogh against you.
Beogh smites you!
You hear a shout! x2
You hit the orc.
The orc is almost dead.
The orc hits you but does no damage.
You barely miss the orc. You headbutt the orc.
You kill the orc!
The orc priest mumbles some strange prayers to Beogh against you.
Beogh smites you!
You puncture the ogre!
The ogre is moderately wounded.
The ogre hits you with a +0 giant club.
You hit the ogre. You headbutt the ogre!
The ogre is severely wounded.
You hit the ogre. You headbutt the ogre.
The ogre is almost dead.
You block the ogre's attack.
You barely miss the ogre.
The ogre is almost dead.
The ogre hits you with a +0 giant club!!
* * * LOW HITPOINT WARNING * * *
The orc priest calls down the wrath of Beogh upon you.
Beogh smites you!
You die...

.#. ...# ...#####
#.....## #.....#
#.....## #......##
#....#Oo# #..o.##@####
.........##....#
####...).#####.#
#.....#####.########
....................#
########.............#
#<# #.<...........#
#.# #.............#
#.# #........†....#


You could see an ogre and an orc priest.

Vanquished Creatures
  A water moccasin (D:5)
  An ogre (D:4)
  2 hounds
  An orc priest (D:4)
  An iguana (D:4)
  2 orc wizards
  7 gnolls (D:4)
  4 adders
  A shadow imp (D:4)
  3 worms
  3 dart slugs
  19 orcs
  6 ball pythons
  8 endoplasms
  3 giant cockroaches
  5 goblins
  4 hobgoblins
  9 jackals
  A quokka (D:1)
  4 bats
  A frilled lizard (D:1)
  8 kobolds
  9 rats
103 creatures vanquished.

Notes
Turn   | Place    | Note
-------+----------+-------------------------------------------
     0 | D:1      | mindfreak the Demonspawn Gladiator began the quest for the
                  | Orb.
     0 | D:1      | Reached XP level 1. HP: 16/16 MP: 1/1
   295 | D:1      | Gained mutation: You are partially covered in large bone
                  | plates. (SH +4) [demonic ancestry]
   295 | D:1      | Reached XP level 2. HP: 22/22 MP: 2/2
   376 | D:1      | Reached skill level 3 in Polearms
  1022 | D:2      | Gained mutation: A meltable shield of frost defends you.
                  | (SH +4) [demonic ancestry]
  1022 | D:2      | Reached XP level 3. HP: 26/27 MP: 3/3
  1498 | D:2      | Reached XP level 4. HP: 34/34 MP: 4/4
  1687 | D:3      | Reached skill level 1 in Shields
  1861 | D:3      | Reached skill level 4 in Polearms
  1925 | D:3      | Gained mutation: You are mostly covered in large bone
                  | plates. (SH +6) [demonic ancestry]
  1925 | D:3      | Reached XP level 5. HP: 32/39 MP: 5/5
  2346 | D:3      | Found a shimmering altar of Xom.
  2446 | D:4      | Found Wuhaeghu's Antique Weapon Shop.
  2493 | D:4      | Noticed an ogre
  2503 | D:4      | Killed an ogre
  2504 | D:4      | Reached skill level 1 in Armour
  2505 | D:4      | Found a hazy altar of Hepliaklqana.
  2638 | D:4      | Reached XP level 6. HP: 11/46 MP: 6/6
  2839 | D:4      | Found a shimmering blue altar of Sif Muna.
  3551 | D:4      | Reached skill level 5 in Polearms
  3649 | D:5      | Entered Level 5 of the Dungeon
  3691 | D:5      | Noticed a water moccasin
  3706 | D:5      | Killed a water moccasin
  3707 | D:5      | Gained mutation: You have a pair of small horns on your
                  | head. [demonic ancestry]
  3707 | D:5      | Reached XP level 7. HP: 19/52 MP: 7/7
  3882 | D:5      | Killed from afar by an orc priest

Illustrated notes

Levels and vault maps discovered:
D:1:      dpeg_arrival_short_road, layout_basic, hangedman_decor_peaks_small,
          minmay_distorted
D:2:      layout_basic
D:3:      layout_loops_cross, marbit_many_paths, general_overflow_altar,
          minmay_vboxes
D:4:      layout_basic, nicolae_hepliaklqana_hazy_memory, tgw_sif, serial_shops,
          shop
D:5:      layout_basic

Skill      XL: |  1  2  3  4  5  6 |
---------------+-------------------+-----
Dodging        | 3 |  3.2
Throwing       | 2 |  2.0
Polearms       | 3 4 5 |  5.5
Shields        | 1 2 |  2.3
Armour         | 1 2 |  2.6
Fighting       | 3 |  3.3

Action                     |  1- 3 |  4- 6 |  7- 9 || total
---------------------------+-------+-------+-------++-------
  Melee: Trident           |   137 |   285 |    17 ||   439
         Punch             |     2 |     4 |       ||     6
         Headbutt          |       |       |     4 ||     4
    Use: Potion            |       |     8 |       ||     8
 Armour: Plate armour      |    90 |   138 |     5 ||   233
  Dodge: Dodged            |    23 |    45 |     2 ||    70
  Block: Other             |    25 |   119 |     5 ||   149
